 Dungeon Crawl Stone Soup version 0.24-a0-582-g4d4af813a0 (webtiles) character file.

Game seed: 8782060606661296409

235069 Arang the Severer (level 20, 0/166 HPs)
             Began as a Formicid Fighter on Aug 27, 2019.
             Was the Champion of Qazlal.
             Killed by divine providence
             ... invoked by the ghostly Saint Roka
              (12 damage)
             ... on level 3 of the Elven Halls.
             The game lasted 01:47:52 (51617 turns).

Arang the Severer (Formicid Fighter)               Turns: 51617, Time: 01:47:53

Health: 0/166      AC: 25    Str: 33    XL:     20   Next: 41%
Magic:  25/25      EV:  8    Int: 12    God:    Qazlal [******]
Gold:   2373       SH: 29    Dex: 10    Spells: 19/19 levels left

rFire    . . .     SeeInvis +   b - +9 executioner's axe (protect)
rCold    . . .     Gourm    +   W - +0 large shield
rNeg     + . .     Faith    .   Y - +3 plate armour of Acygih {rN+ Int+2}
rPois    +         Spirit   .   (helmet unavailable)
rElec    .         Reflect  .   Z - +1 cloak
rCorr    .         Harm     .   k - +1 pair of gloves
MR       +++..                  (no boots)
Stlth    ..........             j - amulet of the gourmand
HPRegen  0.00/turn              c - ring of poison resistance
MPRegen  0.19/turn              A - ring of protection from magic

@: mighty, repel missiles
A: permanent stasis, dig shafts and tunnels, four strong arms, antennae 3,
inhibited regeneration
}: 1/15 runes: gossamer
a: Dig, Shaft Self, Upheaval, Elemental Force, Disaster Area, Renounce Religion


You were on level 3 of the Elven Halls.
You worshipped Qazlal.
Qazlal was exalted by your worship.
You were very full.

You visited 6 branches of the dungeon, and saw 31 of its levels.
You also visited: Bailey and Ice Cave.

You collected 2771 gold pieces.
You spent 398 gold pieces at shops.

Inventory:

Hand Weapons
 a - a +2 battleaxe of electrocution
 b - a +9 executioner's axe of protection (weapon)
 t - a +9 broad axe of venom
 C - a +1 scimitar of flaming
 E - the +5 quarterstaff of Harmony {pain, rF+ MR++ Dex+4}
   (You found it on level 5 of the Dungeon)

   In the hands of one skilled in necromantic magic, it inflicts extra damage on
   living creatures.
   It affects your dexterity (+4).
   It protects you from fire.
   It affects your resistance to hostile enchantments.
Missiles
 F - 14 poisoned darts (quivered)
 L - 20 javelins
 S - 6 silver javelins
Armour
 k - a +1 pair of gloves (worn)
 P - the +6 plate armour of Lolewiaq {Dex+4}
   (You found it on level 4 of the Spider Nest)

   It affects your dexterity (+4).
 W - a +0 large shield (worn)
 Y - the +3 plate armour of Acygih (worn) {rN+ Int+2}
   (You found it on level 4 of the Spider Nest)

   It affects your intelligence (+2).
   It protects you from negative energy.
 Z - a +1 cloak (worn)
Jewellery
 c - a ring of poison resistance (left hand)
 j - an amulet of the gourmand (around neck)
 A - a ring of protection from magic (right hand)
 D - an uncursed ring of fire
 G - an uncursed ring of ice
 T - an uncursed ring of ice
 U - an uncursed ring of protection from cold
Wands
 r - a wand of paralysis (11)
 w - a wand of digging (5)
 N - a wand of iceblast (1)
 Q - a wand of acid (16)
Scrolls
 g - 7 scrolls of amnesia
 h - 8 scrolls of remove curse
 l - 4 scrolls of fog
 m - 5 scrolls of immolation
 n - a scroll of holy word {unknown}
 p - 11 scrolls of magic mapping
 u - 4 scrolls of fear
 y - a scroll of enchant armour
 O - 7 scrolls of identify
 X - 2 scrolls of summoning
Potions
 d - 3 potions of might
 e - 4 potions of invisibility
 o - 4 potions of cancellation
 q - 2 potions of flight
 v - 9 potions of heal wounds
 x - 3 potions of ambrosia
 z - 8 potions of brilliance
 B - 17 potions of curing
 H - 3 potions of agility
 K - 5 potions of magic
 V - 5 potions of resistance
Miscellaneous
 i - a lamp of fire
Comestibles
 f - 49 rations


   Skills:
 + Level 16.6 Fighting
 + Level 20.6 Axes
   Level 0.2(14.0) Maces & Flails
 - Level 1.3 Staves
 * Level 9.0 Throwing
 * Level 15.7 Armour
 - Level 13.8 Shields
 - Level 7.1 Invocations
 + Level 2.9 Evocations


You had 19 spell levels left.
You didn't know any spells.
Your spell library contained the following spells:

 Spells                   Type           Power        Failure   Level  Hunger
 Beastly Appendage        Tmut           #.....       88%         1    ##.....
 Corona                   Hex            #......      88%         1    ##.....
 Sandblast                Erth           #.....       88%         1    ##.....
 Ensorcelled Hibernation  Hex/Ice        #.....       96%         2    ###....
 Passwall                 Tmut/Erth      #.......     96%         2    ###....
 Poisonous Vapours        Pois/Air       #.....       96%         2    ###....
 Sticks to Snakes         Tmut           #.......     96%         2    ###....
 Swiftness                Chrm/Air       #.......     96%         2    ###....
 Confuse                  Hex            #.......     99%         3    ####...
 Conjure Flame            Conj/Fire      #.......     99%         3    ####...
 Dazzling Spray           Conj/Hex       #.....       99%         3    ####...
 Mephitic Cloud           Conj/Pois/Air  #.......     99%         3    ####...
 Spider Form              Tmut/Pois      #.........   99%         3    ####...
 Stone Arrow              Conj/Erth      #.....       99%         3    ####...
 Tukima's Dance           Hex            #.......     99%         3    ####...
 Ice Form                 Ice/Tmut       #.......     100%        4    #####..
 Passage of Golubria      Tloc           N/A          100%        4    #####..
 Petrify                  Tmut/Erth      #.......     100%        4    #####..
 Blade Hands              Tmut           #.........   100%        5    ######.
 Irradiate                Conj/Tmut      #.........   100%        5    ######.
 Lee's Rapid Deconstruct  Erth           #.........   100%        5    ######.
 Darkness                 Hex            #.........   100%        6    #######
 Freezing Cloud           Conj/Ice/Air   #.........   100%        6    #######
 Hydra Form               Tmut           #.........   100%        6    #######
 Invisibility             Hex            #.......     100%        6    #######
 Statue Form              Tmut/Erth      #........    100%        6    #######
 Dragon Form              Tmut           #.........   100%        7    #######
 Ring of Flames           Chrm/Fire      #.........   100%        7    #######


Dungeon Overview and Level Annotations

Branches:
Dungeon (15/15)            Temple (1/1) D:4            Lair (6/6) D:11
  Swamp (0/4) Lair:2       Spider (4/4) Lair:3        Slime (0/5) Lair:5
    Orc (2/2) D:12            Elf (3/3) Orc:2        Vaults (0/5) D:14
 Depths (0/5) D:15         Bailey (visited)           IceCv (visited)

Altars:
Ashenzari
Cheibriados
Dithmenos
Elyvilon
Fedhas
Gozag
Hepliaklqana
Kikubaaqudgha
Makhleb
Nemelex Xobeh
Okawaru
Qazlal
Ru
Sif Muna
Trog
Uskayaw
Vehumet
Wu Jian
Xom
Yredelemnul
Zin
The Shining One
Beogh

Shops:
D:7 *   Orc:2 !([:

Annotations:
D:2 1 runed translucent door, Crazy Yiuf
D:5 3 runed translucent doors, Peloso's ghost, novice MiFi
D:7 exclusion: downstairs
D:11 exclusion: downstairs
Lair:1 exclusion: downstairs
Lair:5 exclusion: downstairs


Innate Abilities, Weirdness & Mutations

You cannot be hasted, slowed, berserked, paralysed or teleported.
You can dig through walls and to a lower floor.
Your four strong arms can wield two-handed weapons with a shield.
You have a pair of large antennae on your head. (SInv)
You do not regenerate when monsters are visible.


Message History

You block the orc warrior's attack.
Unknown command.
You slice the deep elf death mage!!
The deep elf death mage is almost dead.
The deep elf death mage is engulfed in blazing flames.
You kill the deep elf death mage!
Qazlal accepts your kill. You block the orc warrior's attack.
Unknown command.
The ghostly Saint Roka mumbles some strange prayers to Beogh against you.
Beogh smites you!
* * * LOW HITPOINT WARNING * * *
The ghostly Saint Roka roars a battlecry!
The orc goes into a battle-frenzy!
The ghostly Saint Roka is engulfed in freezing vapours.
The orc warrior no longer looks unusually strong.
You hear a shout!
The ghostly Saint Roka invokes the aid of Beogh against you.
Beogh smites you!
You die...

#...o#)# ## #.).)# ..
###########)##)#.#
###.....o.....)...#
........###)....#.#
##.....☼○o..{...o..#
.#.....§§.###.....##.#
........§..####...##
#.. #..........@.#
##.## .#
#.........○..# #.#
........☼...# #..
#.........## ##.#
#........# .#
##.....#.# ##...##.#
#.#####.###.#
#...........#


You could see ghostly Saint Roka and an orc warrior.

Vanquished Creatures
  Rupert (D:12)
  Jorgrun (Elf:1)
  A deep elf blademaster (Elf:2)
  A deep elf master archer (Elf:3)
  Agnes (Elf:2)
  Kirke (D:14)
  Roxanne (Spider:3)
  2 orc warlords (Orc:1)
  5 ghost moths
  3 deep elf sorcerers
  The ghost of Jofabay the Carver, a journeyman DsFi of Okawaru (Spider:4)
  2 emperor scorpions (Spider:4)
  4 entropy weavers
  A deep elf annihilator (Elf:3)
  3 spark wasps (Spider:4)
  A deep elf death mage (Elf:3)
  Snorg (Lair:3)
  An ogre mage (D:13)
  A rakshasa (D:15)
  3 catoblepae
  Fannar (Lair:2)
  7 hydras
  28 dancing weapons
  3 centaur warriors (D:13)
  10 two-headed ogres
  Urug (Lair:3)
  2 tengu warriors (D:14)
  6 death yaks
  2 orc high priests
  14 deep elf knights
  2 unseen horrors
  A glowing orange brain (D:15)
  A wizard (Elf:1)
  8 deep elf archers
  5 lindwurms
  35 wolf spiders
  A wolf spider zombie (D:14)
  3 orc knights
  A shining eye (shapeshifter) (D:15)
  50 deep elf magi
  18 orb spiders
  6 orc sorcerers
  6 ugly things
  2 manticores (Lair:6)
  6 cyclopes
  5 moths of wrath (Spider:4)
  10 elephants
  A black mamba (shapeshifter) (Elf:2)
  4 black mambas
  3 torpor snails
  12 spiny frogs
  A kobold demonologist (D:13)
  6 komodo dragons
  An efreet (D:14)
  3 rime drakes
  19 demonic crawlers
  A harpy zombie (D:14)
  A troll (shapeshifter) (D:15)
  27 jumping spiders
  A tengu conjurer (D:14)
  3 meliai (D:14)
  6 polar bears
  10 hornets
  5 trolls
  13 tyrant leeches (Spider:4)
  14 slime creatures
  3 bog bodies (Lair:2)
  8 blink frogs (Lair:6)
  A raiju (shapeshifter) (Elf:1)
  7 dream sheep
  A centaur simulacrum (D:13)
  13 hippogriffs
  27 tarantellas
  5 shadows
  62 redbacks
  2 vampires
  2 air elementals
  40 yaks
  5 water elementals
  A wraith (D:11)
  A fire elemental (Elf:3)
  5 wyverns
  2 hogs (D:14)
  3 hungry ghosts
  3 basilisks
  A steam dragon (D:13)
  2 vampire mosquitoes (D:14)
  2 soldier ants
  5 wargs
  5 swamp worms
  12 water moccasins
  A water moccasin (shapeshifter) (D:15)
  6 porcupines
  Duvessa (D:4)
  7 ice beasts
  43 orc warriors
  A necrophage (D:5)
  4 sky beasts
  A black bear (D:13)
  2 eyes of draining
  4 phantoms
  6 wolves
  2 boggarts (Elf:1)
  14 ogres
  14 centaurs
  4 crocodiles
  A big kobold (shapeshifter) (D:13)
  16 bullfrogs
  A big kobold (D:12)
  Dowan (D:4)
  4 earth elementals
  2 water moccasin zombies
  11 scorpions
  10 killer bees
  4 howler monkeys
  10 wights
  4 electric eels
  8 crimson imps
  4 centaur zombies
  A bullfrog zombie (D:6)
  16 jellies
  29 orc priests
  6 hounds
  29 orc wizards
  2 bullfrog skeletons
  7 centaur skeletons
  A gnoll shaman (D:9)
  Terence (D:2)
  2 iguanas
  13 worker ants
  A hound zombie (D:9)
  5 hound skeletons
  2 worker ant zombies (D:6)
  Robin (D:4)
  10 adders
  18 gnolls
  A howler monkey skeleton (D:7)
  2 shadow imps
  2 ufetubi (D:13)
  2 oozes
  2 adder skeletons
  3 worms
  2 dart slugs
  3 leopard geckos
  123 orcs
  18 giant cockroaches
  15 goblins
  16 hobgoblins
  4 jackals
  17 kobolds
  4 quokkas
  4 bats
  A frilled lizard (D:4)
  A jackal zombie (D:5)
  A quokka zombie (D:8)
  7 rats
  6 plants (D:12)
1182 creatures vanquished.

Vanquished Creatures (collateral kills)
  A death yak (Lair:6)
  A deep elf knight (Elf:2)
  A meliai (Spider:4)
  A tarantella (Spider:4)
  A yak (Lair:6)
5 creatures vanquished.

Vanquished Creatures (others)
  A deep elf knight (Elf:2)
  A redback (Spider:1)
  2 humans (D:14)
  An acid dragon (D:14)
  4 orcs
  5 fungi
  19 plants
33 creatures vanquished.

Grand Total: 1220 creatures vanquished

Notes
Turn   | Place    | Note
-------+----------+-------------------------------------------
     0 | D:1      | Arang the Formicid Fighter began the quest for the Orb.
     0 | D:1      | Reached XP level 1. HP: 18/18 MP: 1/1
   212 | D:1      | Reached XP level 2. HP: 12/25 MP: 2/2
   480 | D:1      | Reached XP level 3. HP: 30/30 MP: 3/3
  1096 | D:2      | Reached XP level 4. HP: 37/37 MP: 4/4
  1430 | D:2      | Found a runed translucent door.
  1431 | D:2      | Noticed Crazy Yiuf
  1657 | D:2      | Found a sparkling altar of Nemelex Xobeh.
  1719 | D:2      | Found a hide-covered altar of Uskayaw.
  1776 | D:2      | Noticed Terence
  1790 | D:2      | Killed Terence
  1790 | D:2      | Reached skill level 3 in Axes
  1790 | D:2      | Reached XP level 5. HP: 35/42 MP: 5/5
  2551 | D:3      | Found a bloodstained altar of Trog.
  2656 | D:3      | Reached skill level 4 in Axes
  2656 | D:3      | Reached XP level 6. HP: 48/48 MP: 6/6
  3125 | D:4      | Found a staircase to the Ecumenical Temple.
  3143 | Temple   | Entered the Ecumenical Temple
  3245 | D:4      | Noticed a phantom
  3309 | D:4      | Killed a phantom
  3309 | D:4      | Reached skill level 5 in Axes
  3378 | D:4      | Reached XP level 7. HP: 37/55 MP: 7/7
  3413 | D:4      | Noticed Robin
  3420 | D:4      | Killed Robin
  4030 | D:4      | Found a hazy altar of Hepliaklqana.
  4030 | D:4      | Noticed Duvessa
  4030 | D:4      | Noticed Dowan
  4056 | D:4      | Killed Duvessa
  4056 | D:4      | Reached skill level 6 in Axes
  4056 | D:4      | Reached skill level 5 in Armour
  4061 | D:4      | Killed Dowan
  4265 | D:5      | Entered Level 5 of the Dungeon
  4303 | D:5      | Reached XP level 8. HP: 38/61 MP: 8/8
  4477 | D:5      | Reached skill level 1 in Throwing
  4572 | D:5      | Reached skill level 5 in Fighting
  4866 | D:5      | Reached skill level 7 in Axes
  5759 | D:5      | Found a runed translucent gate.
  5767 | D:5      | Found a runed translucent gate.
  5768 | D:5      | Found a runed translucent gate.
  5770 | D:5      | Noticed Peloso's ghost (novice MiFi)
  6084 | D:5      | Got a pitted quarterstaff
  6085 | D:5      | Identified the +5 quarterstaff of Harmony {pain, rF+ MR++
                  | Dex+4} (You found it on level 5 of the Dungeon)
  6167 | D:6      | Found a shattered altar of Ashenzari.
  6368 | D:6      | Reached XP level 9. HP: 67/69 MP: 9/9
  6461 | D:6      | Found a stormy altar of Qazlal.
  6908 | D:6      | Reached skill level 8 in Axes
  7691 | D:7      | Found a sacrificial altar of Ru.
  8625 | D:7      | Reached skill level 9 in Axes
  9241 | D:7      | Found Qinurph's General Store.
  9429 | D:7      | Reached XP level 10. HP: 45/77 MP: 10/10
  9658 | D:8      | Found the +0 mask of the Dragon {MR+ Slay+3 SInv}
  9795 | D:8      | Noticed a two-headed ogre
 10735 | D:8      | Killed a two-headed ogre
 11151 | D:8      | Found a burning altar of Makhleb.
 11176 | D:8      | Reached skill level 10 in Axes
 11422 | D:6      | Became a worshipper of Qazlal Stormbringer
 12455 | D:8      | HP: 2/79 [orc warrior/+0 dire flail (23)]
 13064 | D:9      | Reached * piety under Qazlal
 13647 | D:9      | Reached skill level 1 in Staves
 13656 | D:9      | Reached skill level 5 in Shields
 13961 | D:9      | Found an ancient bone altar of Kikubaaqudgha.
 13985 | D:10     | Entered Level 10 of the Dungeon
 14011 | D:10     | Reached XP level 11. HP: 64/86 MP: 11/11
 14620 | D:10     | Got a dazzling ring mail
 14621 | D:10     | Identified the +1 ring mail of Mysticism {*Drain rPois rF+
                  | Str-2 Dex+7} (You found it on level 10 of the Dungeon)
 14966 | D:10     | Reached ** piety under Qazlal
 15263 | D:10     | Noticed an unseen horror
 15291 | D:10     | Killed an unseen horror
 15357 | D:11     | Reached skill level 11 in Axes
 15494 | D:11     | Noticed a two-headed ogre
 15517 | D:11     | Killed a two-headed ogre
 15858 | D:11     | Noticed a green ugly thing
 15868 | D:11     | Killed a green ugly thing
 16016 | D:11     | Noticed a cyclops
 16037 | D:11     | Killed a cyclops
 16344 | D:11     | Found a staircase to the Lair.
 16463 | D:11     | Reached skill level 5 in Throwing
 17075 | D:12     | Noticed a cyclops
 17146 | D:12     | Killed a cyclops
 17190 | D:12     | Noticed a seven-headed hydra
 17201 | D:12     | Noticed a red ugly thing
 17202 | D:12     | Noticed a cyan ugly thing
 17384 | D:11     | Reached XP level 12. HP: 77/94 MP: 12/12
 17618 | D:12     | Reached skill level 10 in Armour
 17743 | D:12     | Noticed Rupert
 18186 | Lair:1   | Entered Level 1 of the Lair of Beasts
 18281 | Lair:1   | Reached skill level 10 in Shields
 19566 | Lair:1   | Reached *** piety under Qazlal
 20538 | Lair:2   | Found a frozen archway.
 20560 | IceCv    | Entered an ice cave
 21413 | Lair:2   | Found a staircase to the Swamp.
 21638 | Lair:2   | Reached skill level 12 in Axes
 22170 | Lair:3   | Noticed Urug
 22181 | Lair:3   | Noticed a four-headed hydra
 22192 | Lair:3   | Noticed Fannar
 22195 | Lair:3   | Noticed a four-headed hydra
 22198 | Lair:3   | Killed Urug
 22268 | Lair:1   | Killed a four-headed hydra
 22268 | Lair:1   | Reached XP level 13. HP: 59/101 MP: 13/13
 22621 | Lair:2   | Killed Fannar
 23055 | Lair:2   | Killed a four-headed hydra
 23824 | Lair:3   | Noticed an eight-headed hydra
 24479 | Lair:3   | Found a hole to the Spider Nest.
 24704 | Lair:3   | Noticed Snorg
 24719 | Lair:3   | Killed Snorg
 24885 | Lair:3   | Reached skill level 1 in Invocations
 25423 | Lair:3   | Identified a scroll of acquirement
 26364 | Lair:4   | Noticed an eight-headed hydra
 26373 | Lair:4   | Killed an eight-headed hydra
 26598 | Lair:4   | Found a snail-covered altar of Cheibriados.
 27173 | Lair:5   | Reached skill level 10 in Fighting
 27187 | Lair:5   | Reached skill level 1 in Evocations
 27842 | Lair:5   | Reached skill level 13 in Axes
 27856 | Lair:5   | Found a staircase to the Slime Pits.
 27870 | Lair:5   | Reached **** piety under Qazlal
 28960 | Lair:6   | Entered Level 6 of the Lair of Beasts
 29095 | Lair:5   | Reached XP level 14. HP: 110/110 MP: 17/17
 29224 | Lair:6   | Reached skill level 5 in Invocations
 30227 | Lair:6   | Reached skill level 14 in Axes
 32905 | D:12     | Killed Rupert
 32963 | D:12     | Reached XP level 15. HP: 39/119 MP: 17/20
 33757 | D:12     | Found a staircase to the Orcish Mines.
 34061 | D:13     | Reached skill level 15 in Axes
 34177 | D:13     | Reached ***** piety under Qazlal
 34222 | D:13     | Found a flagged portal.
 34272 | Bailey   | Entered a bailey
 34629 | Bailey   | Reached XP level 16. HP: 127/127 MP: 21/21
 34630 | Bailey   | Gained mutation: You are somewhat resistant to further
                  | mutation. [potion of mutation]
 34631 | Bailey   | Lost mutation: You are somewhat resistant to further
                  | mutation. [potion of mutation]
 34631 | Bailey   | Gained mutation: You do not regenerate when monsters are
                  | visible. [potion of mutation]
 34631 | Bailey   | Gained mutation: You are robust. (+10% HP) [potion of
                  | mutation]
 35533 | D:14     | Noticed Kirke
 35545 | D:14     | Killed Kirke
 35559 | D:14     | Reached skill level 16 in Axes
 36432 | D:14     | Found a gate to the Vaults.
 37211 | D:14     | Reached XP level 17. HP: 144/148 MP: 22/22
 37265 | D:15     | Entered Level 15 of the Dungeon
 37527 | D:15     | Lost mutation: You are robust. (+10% HP) [a shining eye]
 37793 | D:15     | Found a shattered altar of Ashenzari.
 38160 | D:15     | Found a staircase to the Depths.
 38360 | Orc:1    | Entered Level 1 of the Orcish Mines
 38375 | Orc:1    | Reached ****** piety under Qazlal
 38880 | Orc:1    | Reached skill level 17 in Axes
 39519 | Orc:2    | Entered Level 2 of the Orcish Mines
 40188 | Orc:2    | Found a roughly hewn altar of Beogh.
 40189 | Orc:2    | Found Cicieph's Distillery.
 40199 | Orc:2    | Bought a potion of heal wounds for 75 gold pieces
 40251 | Orc:2    | Found a roughly hewn altar of Beogh.
 40283 | Orc:2    | Found a staircase to the Elven Halls.
 40318 | Orc:2    | Found a roughly hewn altar of Beogh.
 40567 | Orc:2    | Found a roughly hewn altar of Beogh.
 40567 | Orc:2    | Found Duez's Book Boutique.
 40622 | Orc:2    | Found Huymeud's Antique Weapon Emporium.
 40622 | Orc:2    | Found a roughly hewn altar of Beogh.
 40625 | Orc:2    | Found Voninon's Antique Armour Shoppe.
 40632 | Orc:2    | Bought an ichor-stained chain mail for 323 gold pieces
 40638 | Orc:2    | Identified the +2 chain mail of Wogeat {MR- Str+8 Stlth+}
                  | (You bought it in a shop on level 2 of the Orcish Mines)
 40875 | Orc:2    | Found a roughly hewn altar of Beogh.
 41011 | Orc:2    | Found a roughly hewn altar of Beogh.
 41062 | Orc:2    | Found a roughly hewn altar of Beogh.
 41720 | Spider:1 | Entered Level 1 of the Spider Nest
 43185 | Spider:2 | Reached skill level 18 in Axes
 43951 | Spider:2 | Reached XP level 18. HP: 119/144 MP: 23/23
 45055 | Spider:3 | Noticed Roxanne
 45073 | Spider:3 | Killed Roxanne
 46018 | Spider:4 | Entered Level 4 of the Spider Nest
 46327 | Spider:4 | Found a transporter.
 46327 | Spider:4 | Noticed Jofabay's ghost (journeyman DsFi)
 46340 | Spider:4 | Found a transporter.
 47159 | Spider:4 | Reached skill level 19 in Axes
 47266 | Spider:4 | Reached skill level 15 in Fighting
 47398 | Spider:4 | Identified the +6 plate armour of Lolewiaq {Dex+4} (You
                  | found it on level 4 of the Spider Nest)
 47719 | Spider:4 | Reached XP level 19. HP: 155/155 MP: 24/24
 48133 | Spider:4 | Got a gossamer rune of Zot
 48223 | Spider:4 | Killed Jofabay's ghost
 48269 | Spider:4 | Identified the +3 plate armour of Acygih {rN+ Int+2} (You
                  | found it on level 4 of the Spider Nest)
 48506 | Elf:1    | Entered Level 1 of the Elven Halls
 48704 | Elf:1    | Noticed Jorgrun
 48719 | Elf:1    | Killed Jorgrun
 48917 | Elf:1    | Reached skill level 15 in Armour
 49808 | Elf:2    | Reached skill level 20 in Axes
 49931 | Elf:2    | Noticed Agnes
 50228 | Elf:2    | Killed Agnes
 50348 | Elf:2    | Found a runed translucent gate.
 50349 | Elf:2    | Found a runed translucent gate.
 50355 | Elf:2    | Found a runed translucent gate.
 50573 | Elf:2    | Noticed a deep elf blademaster
 50590 | Elf:2    | Killed a deep elf blademaster
 50600 | Elf:2    | Reached XP level 20. HP: 67/166 MP: 25/25
 51328 | Elf:3    | Entered Level 3 of the Elven Halls
 51560 | Elf:3    | Noticed Saint Roka
 51586 | Elf:3    | Killed Saint Roka
 51617 | Elf:3    | Killed from afar by the ghostly Saint Roka

Levels and vault maps discovered:
D:1:      tarquinn_simple_flora_water_b, layout_loops_ring
D:2:      layout_rooms, overflow_temple_1_default, nemelex_spade_bored_becter,
          uniq_crazy_yiuf_cottage, uniq_terence
D:3:      minmay_roachtagon, layout_basic, lemuel_coloured_pillars_altar,
          first_ration
D:4:      layout_loops_ring, kennysheep_little_box, minmay_temple_entry_grid,
          st_stairs_8, dk_noncrumbling_3, uniq_robin, uniq_duvessa
D:5:      layout_cave_pods, ebering_ghost_rock_garden
D:6:      layout_basic, lemuel_crystal_altar, nicolae_qazlal_general_emergency,
          grunt_ministairs_3
D:7:      layout_loops_cross, nicolae_ru_sacrificial_ziggurat, serial_shops,
          nicolae_shop_statue_plus, grunt_ogre_cave
D:8:      layout_layer_cave, marbit_many_paths
D:9:      layout_basic, nicolae_overflow_hidden_temple
D:10:     layout_loops_ring
D:11:     layout_layer_cave, lair_entry_dummy
D:12:     layout_roguey, hiddenorc1_lemuel, serial_bayou_lagoon_a,
          kennysheep_kite_vault, uniq_rupert
D:13:     layout_basic, serial_ice, serial_ice_d, serial_ice_h, serial_ice_c,
          serial_ice_f, serial_ice_b, serial_ice_j, serial_ice_e, serial_ice_a,
          enter_bailey_2, minmay_lindwurm_lava
D:14:     layout_cave_pods, erik_vaults_1, minmay_misc_feat_chi, uniq_kirke
D:15:     gammafunk_enter_depths_forms, layout_cave_pools, basic_altar,
          minmay_misc_feat_rugged
Temple:   jpeg_temple_clearing
Lair:1:   layout_regular_city
Lair:2:   layout_cave_pods, nicolae_swamp_entry_splash_gauntlet,
          portal_ice_cave_rime
Lair:3:   layout_layer_cave, dummy_spider_entry, minivault_24,
          small_statue_intersection, infiniplex_staircase_pool_2, uniq_fannar,
          uniq_urug, uniq_snorg
Lair:4:   layout_regular_city, lemuel_centaur_altar
Lair:5:   layout_cave_pods, minmay_slime_entry_jelly_boxes
Lair:6:   evilmike_catoblepas_cave, layout_misc_corridors, minivault_26,
          grunt_megastairs_2
Spider:1: layout_spider_delve
Spider:2: layout_spider_delve
Spider:3: layout_chambers, uniq_roxanne
Spider:4: grunt_spider_rune_island, gammafunk_ghost_arena, worms_lemuel
Orc:1:    layout_caves, nicolae_orc_damp_corner, elves_outpost_lemuel
Orc:2:    grunt_orc_community_town_hall, layout_diamond_mine,
          grunt_orc_community_big_house_1, grunt_orc_community_big_house_1,
          grunt_orc_community_house_1, grunt_orc_community_house_2,
          grunt_orc_community_house_2, grunt_orc_community_house_1,
          grunt_orc_community_house_3, grunt_orc_community_house_3
Elf:1:    eino_elf_arrival_sip, layout_geoelf_grid, hangedman_elf_disciples,
          drop_trap, uniq_jorgrun
Elf:2:    layout_rooms, uniq_agnes
Elf:3:    minmay_elf_hall, layout_loops_ring, minmay_shop_grove,
          uniq_saint_roka, uniq_louise

Skill      XL: |  1  2  3  4  5  6  7  8  9 10 11 12 13 14 15 16 17 18 19 20 |
---------------+-------------------------------------------------------------+-----
Armour         | 4 5 6 7 9 10 11 12 13 14 15 | 15.7
Fighting       | 4 5 6 7 8 9 10 11 12 13 15 16 | 16.6
Axes           | 3 4 5 6 7 9 10 11 12 13 14 15 16 18 19 20 | 20.6
Throwing       | 3 4 5 6 7 8 9 |  9.0
Shields        | 5 9 11 12 13 | 13.8
Staves         | 1 |  1.3
Invocations    | 4 7 |  7.1
Evocations     | 1 2 |  2.9
Maces & Flails | |  0.2

Action                   |  1- 3 |  4- 6 |  7- 9 | 10-12 | 13-15 | 16-18 | 19-21 || total
-------------------------+-------+-------+-------+-------+-------+-------+-------++-------
Melee: War axe           |    81 |   150 |    10 |    77 |    11 |       |       ||   329
       Hand axe          |       |    49 |   359 |   781 |   128 |       |       ||  1317
       Quarterstaff      |       |       |       |    27 |     7 |     7 |       ||    41
       Flail             |       |       |       |    13 |       |       |       ||    13
       Broad axe         |       |       |       |       |   616 |   516 |   320 ||  1452
       Executioner's axe |       |       |       |       |       |   438 |   198 ||   636
       Battleaxe         |       |       |       |       |       |       |     5 ||     5
Throw: Throwing net      |     1 |       |       |     4 |       |       |       ||     5
       Dart              |       |     3 |    54 |    62 |    30 |   169 |     3 ||   321
       Boomerang         |       |     1 |       |     5 |       |    96 |       ||   102
       Javelin           |       |       |       |     5 |    16 |    35 |     4 ||    60
Invok: Elemental Force   |       |       |       |       |     4 |       |     3 ||     7
 Abil: Dig               |       |       |       |       |       |       |     1 ||     1
Evoke: Wand              |       |       |       |       |    16 |       |       ||    16
  Use: Potion            |       |       |     6 |     3 |     1 |     4 |     7 ||    21
       Scroll            |       |       |     8 |     9 |    12 |    16 |     2 ||    47
 Stab: Held in net/web   |       |       |       |     1 |       |       |       ||     1
       Distracted        |       |       |       |       |       |     1 |       ||     1
       Invisible         |       |       |       |       |       |       |     8 ||     8
  Eat: Chunk             |     1 |     7 |    38 |    44 |    41 |    42 |    13 ||   186
       Ration            |       |       |       |       |       |     1 |       ||     1
Armor: Scale mail        |    38 |    10 |       |       |       |       |       ||    48
       Chain mail        |       |    69 |    97 |       |   204 |   330 |       ||   700
       Plate armour      |       |       |    28 |   372 |    41 |       |   165 ||   606
Dodge: Dodged            |    30 |    52 |    55 |   178 |   131 |   136 |    66 ||   648
       Deflected         |       |       |       |       |     7 |     5 |     7 ||    19
Block: Shield            |    45 |    92 |   143 |   518 |   414 |       |       ||  1212
       Large shield      |       |       |       |       |   305 |  1213 |   609 ||  2127

Table legend:
 A = Non-vault XP
 B = Vault XP
 C = Vault XP percentage of total XP
 D = Non-vault monster count
 E = Vault monster count
 F = Vault count percentage of total count
                 A         B        C        D         E       F
            +---------+---------+-------+---------+---------+-------
      Total |  193471 |  133831 |  40.9 |     776 |     406 |  34.3
            +---------+---------+-------+---------+---------+-------
        D:1 |      41 |       0 |   0.0 |      10 |       0 |   0.0
        D:2 |      77 |      36 |  31.9 |      17 |       1 |   5.6
        D:3 |      99 |      24 |  19.5 |      19 |      12 |  38.7
        D:4 |     359 |     270 |  42.9 |      14 |      14 |  50.0
        D:5 |     929 |       0 |   0.0 |      25 |       0 |   0.0
        D:6 |     940 |      84 |   8.2 |      21 |       4 |  16.0
        D:7 |     958 |     125 |  11.5 |      18 |       1 |   5.3
        D:8 |    1535 |     110 |   6.7 |      19 |       1 |   5.0
        D:9 |    1943 |       0 |   0.0 |      33 |       0 |   0.0
       D:10 |    3707 |       0 |   0.0 |      42 |       0 |   0.0
       D:11 |    3968 |      43 |   1.1 |      21 |       2 |   8.7
       D:12 |    4109 |    5933 |  59.1 |      26 |      30 |  53.6
       D:13 |   12396 |    5129 |  29.3 |      36 |      19 |  34.5
       D:14 |   11448 |    4160 |  26.7 |      35 |       5 |  12.5
       D:15 |    3732 |    4397 |  54.1 |      17 |       9 |  34.6
     Lair:1 |    3839 |       0 |   0.0 |      17 |       0 |   0.0
     Lair:2 |    4294 |    3653 |  46.0 |      14 |      12 |  46.2
     Lair:3 |    8031 |    1636 |  16.9 |      22 |       2 |   8.3
     Lair:4 |    5249 |     455 |   8.0 |      19 |       4 |  17.4
     Lair:5 |    6824 |    1963 |  22.3 |      21 |      16 |  43.2
     Lair:6 |   11924 |   10850 |  47.6 |      31 |      28 |  47.5
   Spider:1 |    7835 |       0 |   0.0 |      25 |       0 |   0.0
   Spider:2 |   12762 |       0 |   0.0 |      39 |       0 |   0.0
   Spider:3 |   17839 |    1926 |   9.7 |      43 |       1 |   2.3
   Spider:4 |   17865 |   36184 |  66.9 |      49 |      73 |  59.8
      Orc:1 |    6632 |    6725 |  50.3 |      39 |      11 |  22.0
      Orc:2 |    1655 |    4627 |  73.7 |      22 |      69 |  75.8
      Elf:1 |   20088 |    9565 |  32.3 |      37 |      12 |  24.5
      Elf:2 |   15850 |   25661 |  61.8 |      33 |      30 |  47.6
      Elf:3 |    6543 |    9470 |  59.1 |      12 |      16 |  57.1
     Bailey |       0 |     805 | 100.0 |       0 |      34 | 100.0
            +---------+---------+-------+---------+---------+-------
